 Dungeon Crawl Stone Soup version 0.29-a0-334-gb41bcbb86e (webtiles) character file.

Game seed: 4225571482788776521

52217 rabbitsville the Geomancer (level 14, -12/68 HPs)
             Began as a Gargoyle Earth Elementalist on Apr 15, 2022.
             Was a High Priest of the Shining One.
             Mangled by a komodo dragon (23 damage)
             ... on level 6 of the Lair of Beasts.
             The game lasted 01:16:12 (26681 turns).

rabbitsville the Geomancer (GrEE)                  Turns: 26681, Time: 01:16:13

Health: -12/68     AC: 19    Str: 14    XL:     14   Next: 63%
Magic:  10/37      EV: 11    Int: 25    God:    the Shining One [*****.]
Gold:   1583       SH:  0    Dex: 10    Spells: 26/34 levels left

rFire   . . .      SeeInvis .   e - +4 scimitar (flame)
rCold   + + +      Faith    +   (no shield)
rNeg    + + +      Spirit   .   p - +1 leather armour {rC+}
rPois   ∞          Reflect  .   Q - +2 helmet
rElec   +          Harm     .   (no cloak)
rCorr   .          Rampage  .   L - +0 pair of gloves
Will    +....                   G - +0 pair of boots of the Blind Marksman {rC++}
Stlth   +.........              y - amulet of faith
HPRegen 0.21/turn               q - ring of magical power
MPRegen 0.25/turn               k - +6 ring of intelligence

@: flying, glowing, studying Long Blades
A: sickness immunity, AC +10, big wings, negative energy resistance 1,
electricity resistance, torment resistance 1, petrification resistance
a: Renounce Religion, Divine Shield, Cleansing Flame, Summon Divine Warrior


You were on level 6 of the Lair of Beasts.
You worshipped the Shining One.
The Shining One was extremely pleased with you.
You visited 3 branches of the dungeon, and saw 17 of its levels.
You also visited: Bailey.

You collected 1583 gold pieces.

Inventory:

Hand Weapons
 e - a +4 scimitar of flaming (weapon)
Missiles
 a - 362 stones
Armour
 p - a +1 leather armour of cold resistance (worn)
 G - the +0 pair of boots of the Blind Marksman (worn) {rC++}
   (You found it on level 6 of the Dungeon)

   rC:        It greatly protects you from cold.
 L - a +0 pair of gloves (worn)
 Q - a +2 helmet (worn)
 S - a +2 hat of stealth
Jewellery
 k - a +6 ring of intelligence (right hand)
 q - a ring of magical power (left hand)
 y - an amulet of faith (around neck)
 F - a ring of magical power
 K - the ring "Unuskosu" {rC+ rCorr}
   (You found it on level 8 of the Dungeon)

   [ring of protection from cold]

   rC:        It protects you from cold.
   rCorr:     It protects you from acid and corrosion.
Wands
 b - a wand of mindburst (10)
 x - a wand of flame (16)
 J - a wand of digging (4)
 P - a wand of iceblast (13)
Scrolls
 d - 3 scrolls of magic mapping
 g - 9 scrolls of teleportation
 m - 6 scrolls of amnesia
 o - 2 scrolls of vulnerability {unknown}
 s - 3 scrolls of fear
 t - 4 scrolls of enchant armour
 v - 6 scrolls of fog
 w - 3 scrolls of noise
 E - 2 scrolls of enchant weapon {unknown}
 H - 2 scrolls of holy word {unknown}
 I - a scroll of torment {unknown}
 M - a scroll of acquirement {unknown}
 X - 2 scrolls of blinking {unknown}
 Z - a scroll of immolation {unknown}
Potions
 c - a potion of magic
 f - 4 potions of flight
 n - 2 potions of brilliance
 r - 4 potions of lignification
 u - 6 potions of curing
 z - 2 potions of berserk rage {unknown}
 A - a potion of ambrosia {unknown}
 B - 3 potions of haste {unknown}
 C - 4 potions of might
 O - a potion of attraction {unknown}
 R - 3 potions of resistance {unknown}
 T - 3 potions of mutation {unknown}
 Y - a potion of cancellation {unknown}


   Skills:
 - Level 11.0 Long Blades
 - Level 1.5 Dodging
 - Level 2.1 Stealth
 - Level 10.7 Spellcasting
 - Level 7.7 Conjurations
 + Level 5.3 Hexes
 + Level 9.5 Transmutations
 - Level 14.0 Earth Magic
 + Level 11.6 Invocations


You had 26 spell levels left.
You knew the following spells:

 Your Spells              Type           Power      Damage    Failure   Level
a - Sandblast             Erth           100%       2d20      1%          1
b - Stone Arrow           Conj/Erth      100%       3d13      1%          3
c - Petrify               Tmut/Erth      64%        N/A       1%          4

Your spell library contained the following spells:

 Spells                   Type           Power      Damage    Failure   Level
 Passwall                 Tmut/Erth      53%        N/A       1%          2
 Dazzling Flash           Conj/Hex       92%        N/A       1%          3
 Tukima's Dance           Hex            40%        N/A       1%          3
 Ensorcelled Hibernation  Hex/Ice        52%        N/A       3%          2
 Yara's Violent Unravell  Hex/Tmut       25%        3d11      8%          5
 Borgnjor's Vile Clutch   Necr/Erth      24%        N/A       9%          5
 Swiftness                Air            13%        N/A       17%         3
 Alistair's Intoxication  Tmut/Pois      24%        N/A       22%         5
 Silence                  Hex/Air        13%        N/A       47%         5
 Passage of Golubria      Tloc           13%        N/A       50%         4
 Eringya's Noxious Bog    Tmut/Pois      18%        N/A       77%         6
 Agony                    Necr           13%        N/A       85%         5


Dungeon Overview and Level Annotations

Branches:
Dungeon (10/15)            Temple (1/1) D:4            Lair (6/6) D:9
 Shoals (0/4) Lair:2        Snake (0/4) Lair:4        Slime (0/5) Lair:5
    Orc (0/2) D:10         Bailey (visited)

Altars:
Ashenzari
Cheibriados
Dithmenos
Elyvilon
Fedhas
Gozag
Hepliaklqana
Kikubaaqudgha
Makhleb
Nemelex Xobeh
Okawaru
Qazlal
Ru
Sif Muna
Trog
Uskayaw
Vehumet
Wu Jian
Xom
Yredelemnul
Zin
The Shining One

Shops:
D:1 [

Annotations:
D:8 4 runed translucent doors
Lair:5 exclusion: oklob plant


Innate Abilities, Weirdness & Mutations

You are immune to sickness and miasma.
Your stone body is resilient. (AC +10)
You are immune to poison.
Your large and strong wings let you fly.
You resist negative energy. (rN+)
You are resistant to electric shocks. (rElec)
You are resistant to unholy torment.
You are immune to petrification.


Message History

The cane toad stings you! The komodo dragon closely misses you.
The stone arrow hits the tyrant leech!
The tyrant leech is heavily wounded.
The cane toad stings you but does no damage.
The tyrant leech bites you! The komodo dragon barely misses you.
The cane toad stings you.
The stone arrow hits the tyrant leech!!
The tyrant leech is almost dead.
The tyrant leech bites you!!
* * * LOW HITPOINT WARNING * * *
You are too injured to fight recklessly!
Aiming: Stone Arrow (safe; 1% risk of failure)
Press: ? - help, Q - select action, (/) - cycle Shift-Dir - straight line, f/p - tyrant leech
Aim: a tyrant leech (almost dead, haloed, 73% to hit)
The stone arrow hits the tyrant leech!
You kill the tyrant leech!
The Shining One accepts your kill.
The cane toad stings you but does no damage.
You feel much better. The cane toad misses you.
The komodo dragon closely misses you.
The stone arrow hits the komodo dragon!!
The komodo dragon is heavily wounded.
The cane toad closely misses you. The komodo dragon closely misses you.
The cane toad barely misses you.
The stone arrow hits the komodo dragon!
The komodo dragon is severely wounded.
The komodo dragon bites you! The cane toad stings you!
* * * LOW HITPOINT WARNING * * *
You are too injured to fight recklessly!
Aiming: Stone Arrow (safe; 1% risk of failure)
Press: ? - help, Q - select action, (/) - cycle Shift-Dir - straight line, f/p - komodo dragon
Aim: a komodo dragon (severely wounded, haloed, 88% to hit)
The stone arrow misses the komodo dragon.
The komodo dragon bites you!
* * * LOW HITPOINT WARNING * * *
The cane toad barely misses you.
You feel better. The cane toad stings you.
* * * LOW HITPOINT WARNING * * *
The komodo dragon bites you!!
You die...

≈≈≈≈..≈.P≈.≈..........†..........
≈#≈≈≈≈≈.............†<...........
≈###≈≈≈≈≈....≈#.......#..........
###≈≈≈≈P≈≈≈.≈≈#...†..............
#≈≈≈≈≈≈≈≈≈≈..#.#................
#≈≈≈≈≈≈≈.≈#####.................
≈≈≈≈≈..######.##................
#≈≈.≈≈.##.....#..........
#≈≈≈≈≈≈#@...........#....
≈≈≈≈≈≈.lF................
≈≈≈≈≈≈≈.......P..........
≈≈≈≈≈≈P..#....##.........
≈≈≈≈≈≈≈.###...#......[...
≈≈≈≈≈≈≈≈≈.###..............
PP≈≈≈≈≈≈P.#.#.......#......
≈≈≈≈≈≈≈≈≈..................
≈≈≈≈≈≈≈≈...F. .............


You could see a komodo dragon and a cane toad.

Vanquished Creatures
  Gastronok (Lair:1)
  Fannar (Lair:1)
  2 boulder beetles
  2 catoblepae
  2 hydras
  A centaur warrior (D:9)
  Erica (D:8)
  4 death yaks
  Urug (Lair:3)
  2 goliath frogs (Lair:6)
  A deep elf pyromancer (Bailey)
  An orc knight (Bailey)
  A cyclops (D:8)
  2 oklob plants (Lair:2)
  6 black mambas
  10 elephants
  A torpor snail (Lair:5)
  28 cane toads
  Maggie (Lair:1)
  4 komodo dragons
  4 rime drakes
  5 polar bears
  2 hornets
  2 tyrant leeches (Lair:6)
  16 blink frogs
  4 dream sheep (Lair:4)
  A shadow (D:10)
  2 wraiths
  42 yaks
  Eustachio (D:5)
  3 basilisks
  4 wyverns
  6 vampire mosquitoes
  A steam dragon (D:9)
  Menkaure (D:7)
  An acid dragon (D:10)
  Duvessa (D:4)
  27 water moccasins
  An ice beast (D:7)
  4 sky beasts
  7 orc warriors
  3 black bears
  14 wolves
  4 centaurs
  A phantom (D:5)
  Blork the orc (D:4)
  19 bullfrogs
  2 gnoll sergeants (D:8)
  3 kobold brigands
  2 scorpions
  4 wights
  Dowan (D:4)
  6 killer bees
  5 howler monkeys
  An electric eel (Lair:2)
  6 hounds
  15 jellies
  3 orc priests
  A gnoll shaman (D:9)
  3 iguanas
  10 orc wizards
  7 hell rats (Lair:3)
  5 gnolls (D:9)
  11 adders
  14 river rats (Lair:3)
  A shadow imp (D:8)
  A white imp (D:7)
  3 worms
  A dart slug (D:1)
  41 orcs
  8 ball pythons
  8 endoplasms
  A giant cockroach (D:1)
  5 hobgoblins
  35 kobolds
  12 quokkas
  5 bats
  A frilled lizard (D:1)
  3 goblins
  12 rats
485 creatures vanquished.

Vanquished Creatures (others)
  39 fungi
  191 plants
  3 toadstools (D:4)
233 creatures vanquished.

Grand Total: 718 creatures vanquished

Notes
Turn   | Place    | Note
-------+----------+-------------------------------------------
     0 | D:1      | rabbitsville the Gargoyle Earth Elementalist began the
                  | quest for the Orb.
     0 | D:1      | Reached XP level 1. HP: 10/10 MP: 3/3
   109 | D:1      | Found Rutosas's Armour Shop.
   141 | D:1      | Reached skill level 4 in Earth Magic
   141 | D:1      | Reached XP level 2. HP: 13/15 MP: 5/5
   788 | D:2      | Reached XP level 3. HP: 16/19 MP: 7/7
  1192 | D:2      | Reached XP level 4. HP: 24/24 MP: 8/8
  2285 | D:3      | Reached skill level 5 in Earth Magic
  2297 | D:3      | Found a bloodstained altar of Trog.
  2300 | D:3      | Found a glowing silver altar of Zin.
  2301 | D:3      | Found an ancient bone altar of Kikubaaqudgha.
  2301 | D:3      | Found a burning altar of Makhleb.
  2878 | D:4      | Reached XP level 5. HP: 28/28 MP: 10/10
  2943 | D:4      | Noticed Blork the orc
  2948 | D:4      | Killed Blork the orc
  3287 | D:4      | Noticed a black bear
  3289 | D:4      | Noticed Dowan
  3295 | D:4      | Killed a black bear
  3296 | D:4      | Reached skill level 1 in Conjurations
  3296 | D:4      | Reached skill level 6 in Earth Magic
  3296 | D:4      | Reached XP level 6. HP: 32/32 MP: 12/12
  3297 | D:4      | Noticed Duvessa
  3596 | D:4      | Found a staircase to the Ecumenical Temple.
  3611 | Temple   | Entered the Ecumenical Temple
  4014 | D:4      | Killed Dowan
  4198 | D:4      | HP: 1/32 [Duvessa/+0 short sword (10)]
  4205 | D:4      | Killed Duvessa
  4206 | D:4      | Reached XP level 7. HP: 33/36 MP: 11/14
  4396 | D:5      | Entered Level 5 of the Dungeon
  4428 | D:5      | Learned a level 3 spell: Stone Arrow
  4451 | D:5      | Noticed Eustachio
  4459 | D:5      | Reached skill level 7 in Earth Magic
  4459 | D:5      | Killed Eustachio
  4460 | D:5      | Reached skill level 5 in Spellcasting
  4687 | D:5      | You fall into a shaft and drop 3 floors!
  4687 | D:8      | Found a flagged portal.
  4690 | Bailey   | Entered a bailey
  4827 | Bailey   | Reached skill level 1 in Transmutations
  4827 | Bailey   | Reached skill level 8 in Earth Magic
  4827 | Bailey   | Reached XP level 8. HP: 34/41 MP: 10/16
  4927 | Bailey   | Noticed an orc knight
  4933 | Bailey   | Killed an orc knight
  5222 | Bailey   | Found a large runed translucent door.
  5222 | Bailey   | Found a large runed translucent door.
  5224 | Bailey   | Noticed a deep elf pyromancer
  5237 | Bailey   | Killed a deep elf pyromancer
  5238 | Bailey   | Reached skill level 9 in Earth Magic
  5238 | Bailey   | Reached XP level 9. HP: 37/45 MP: 19/19
  5847 | D:6      | Reached skill level 10 in Earth Magic
  7220 | D:6      | Identified the +0 pair of boots of the Blind Marksman
                  | {rC++}
  7281 | D:6      | Reached skill level 11 in Earth Magic
  7485 | D:6      | Found a sparkling altar of Nemelex Xobeh.
  8261 | D:7      | Reached XP level 10. HP: 50/50 MP: 22/22
  8467 | D:7      | Found a radiant altar of Vehumet.
  8474 | D:7      | Found a stormy altar of Qazlal.
  8478 | D:7      | Found a white marble altar of Elyvilon.
  8651 | Temple   | Became a worshipper of the Shining One
  9026 | D:7      | Noticed Menkaure
  9028 | D:7      | Killed Menkaure
  9464 | D:8      | Noticed Erica
  9464 | D:8      | Found a large runed translucent door.
  9464 | D:8      | Found a large runed translucent door.
  9476 | D:8      | Killed Erica
  9477 | D:8      | Reached skill level 12 in Earth Magic
  9583 | D:8      | Identified the ring "Ydummiodgh" {Contam Str+7 Int+3 Dex+6
                  | SInv}
  9583 | D:8      | Noticed a centaur warrior
  9712 | D:8      | Found an iron altar of Okawaru.
 10122 | D:8      | Found a large runed translucent door.
 10122 | D:8      | Found a large runed translucent door.
 10146 | D:8      | Noticed a cyclops
 10150 | D:8      | Killed a cyclops
 10151 | D:8      | Reached skill level 5 in Transmutations
 10159 | D:8      | Learned a level 4 spell: Petrify
 10319 | D:8      | Reached skill level 13 in Earth Magic
 10319 | D:8      | Reached XP level 11. HP: 51/54 MP: 21/24
 10323 | D:8      | Reached * piety under the Shining One
 10325 | D:8      | Reached skill level 10 in Spellcasting
 10640 | D:8      | Identified the ring "Unuskosu" {rC+ rCorr}
 10796 | D:9      | Noticed a death yak
 10797 | D:9      | Noticed a death yak
 10810 | D:9      | Reached skill level 1 in Long Blades
 10811 | D:9      | Noticed a death yak
 10819 | D:8      | Killed a death yak
 11028 | D:9      | Found a staircase to the Lair.
 11098 | D:8      | Killed a death yak
 11252 | D:9      | Killed a death yak
 11329 | D:9      | Noticed a manticore
 11831 | D:9      | Noticed a centaur warrior
 11834 | D:10     | Entered Level 10 of the Dungeon
 12409 | D:10     | Reached skill level 14 in Earth Magic
 12622 | D:10     | Found a staircase to the Orcish Mines.
 12778 | D:9      | Reached skill level 1 in Invocations
 13225 | D:9      | Reached ** piety under the Shining One
 13448 | D:9      | Killed a centaur warrior
 13449 | D:9      | Reached skill level 5 in Long Blades
 13988 | Lair:1   | Entered Level 1 of the Lair of Beasts
 14074 | Lair:1   | Noticed Gastronok
 14084 | Lair:1   | Killed Gastronok
 14085 | Lair:1   | Reached skill level 5 in Conjurations
 14085 | Lair:1   | Reached XP level 12. HP: 22/59 MP: 9/26
 14602 | Lair:1   | Noticed a boulder beetle
 14628 | Lair:1   | Killed a boulder beetle
 14629 | Lair:1   | Reached skill level 5 in Invocations
 15112 | Lair:1   | Noticed Maggie
 15117 | Lair:1   | Killed Maggie
 15546 | Lair:1   | Noticed Fannar
 15558 | Lair:1   | Killed Fannar
 16782 | Lair:2   | Found a blossoming altar of Fedhas.
 17361 | Lair:2   | Reached XP level 13. HP: 52/63 MP: 15/27
 17402 | Lair:2   | Reached skill level 10 in Long Blades
 17672 | Lair:2   | Found a staircase to the Shoals.
 17865 | Lair:3   | Noticed Urug
 17872 | Lair:3   | Killed Urug
 18692 | Lair:3   | Reached *** piety under the Shining One
 20234 | Lair:4   | Found a staircase to the Snake Pit.
 20916 | Lair:4   | Reached **** piety under the Shining One
 20955 | Lair:4   | Reached skill level 1 in Hexes
 21973 | Lair:5   | Reached skill level 10 in Invocations
 22379 | Lair:5   | Found a staircase to the Slime Pits.
 22711 | Lair:5   | Found a blossoming altar of Fedhas.
 23038 | Lair:5   | Gained mutation: Your large and strong wings let you fly.
                  | [Gargoyle growth]
 23038 | Lair:5   | Reached XP level 14. HP: 68/68 MP: 12/28
 23714 | Lair:6   | Entered Level 6 of the Lair of Beasts
 24664 | Lair:5   | Reached ***** piety under the Shining One
 26042 | Lair:6   | Reached skill level 5 in Hexes
 26681 | Lair:6   | Mangled by a komodo dragon

Illustrated notes

Levels and vault maps discovered:
D:1:      giann_horns, layout_rooms, serial_shops, shop,
          minmay_misc_feat_plants, kennysheep_nondescript
D:2:      layout_basic
D:3:      layout_basic, grunt_temple_overflow_open, fountainhead, st_stairs_12
D:4:      layout_loops_ring, minmay_temple_entry_glassed_door,
          minmay_gold_behind_fungi, uniq_blork_the_orc, uniq_duvessa
D:5:      layout_rooms, uniq_eustachio
D:6:      kennysheep_kobold_camp, layout_loops_corners,
          nemelex_xobeh_ov_fountains_minmay, minmay_misc_feat_four_crosses
D:7:      layout_basic, minitemple, uniq_menkaure
D:8:      layout_layer_cave, okawaru_gym_becter, enter_bailey_2,
          minmay_hollow_rounded_squares, uniq_erica
D:9:      layout_irregular_city, dpeg_lair_monsters, minmay_misc_feat_room,
          minmay_bent
D:10:     layout_long_grid, orc_0_dummy, corner_web_ring
Temple:   oiseaux_autumnal_temple
Lair:1:   layout_cellular_growth, grunt_megastairs_5, uniq_fannar, uniq_maggie,
          uniq_gastronok
Lair:2:   layout_regular_city, elwin_shoals_entry_rooms, hangedman_tree_tricks
Lair:3:   lemuel_ratsnest, layout_misc_corridors, grunt_megastairs_4,
          infiniplex_staircase_pool_2, uniq_urug
Lair:4:   layout_cellular_growth, minmay_snake_entry_six_corridors,
          nicolae_quartered_pool_little, beast_lair_carwin_7
Lair:5:   layout_layer_cave, minmay_slime_entry_jelly_boxes, tgw_fedhas
Lair:6:   minmay_lair_end_frog_pond, layout_gridlike,
          chequers_serial_rivers_micro_b, chequers_serial_rivers_small_a

Skill      XL: |  1  2  3  4  5  6  7  8  9 10 11 12 13 14 |
---------------+-------------------------------------------+-----
Earth Magic    | 4 5 6 8 9 11 13 14 | 14.0
Spellcasting   | 3 4 5 7 8 9 10 | 10.7
Conjurations   | 1 2 3 5 6 7 |  7.7
Transmutations | 1 2 3 5 6 8 9 |  9.5
Long Blades    | 6 9 11 | 11.0
Invocations    | 4 7 10 11 | 11.6
Hexes          | 2 5 |  5.3
Dodging        | |  1.5
Stealth        | |  2.1

Action                   |  1- 3 |  4- 6 |  7- 9 | 10-12 | 13-15 || total
-------------------------+-------+-------+-------+-------+-------++-------
Melee: Whip              |    74 |    72 |    15 |     7 |    16 ||   184
       Unarmed           |     5 |       |       |       |       ||     5
       Punch             |       |     1 |       |       |     2 ||     3
       Scimitar          |       |       |       |       |    32 ||    32
 Cast: Sandblast         |     6 |    36 |    25 |    45 |    78 ||   190
       Stone Arrow       |       |       |   113 |   296 |   428 ||   837
       Petrify           |       |       |       |       |     4 ||     4
Evoke: Wand              |       |     1 |     3 |       |       ||     4
  Use: Potion            |       |     5 |       |     6 |     4 ||    15
       Scroll            |       |       |       |     8 |     3 ||    11
 Stab: Sleeping          |     2 |     1 |       |       |       ||     3
Armor: Robe              |    43 |    19 |     2 |       |       ||    64
       Leather armour    |       |       |    13 |    64 |   134 ||   211
Dodge: Dodged            |    95 |    51 |    18 |    71 |   150 ||   385

Table legend: (Time is in decaauts)
 A = Elapsed time spent in this place.
 B = Non-inter-level travel time spent in this place.
 C = Inter-level travel time spent in this place.
 D = Time resting spent in this place.
 E = Time spent auto-exploring this place.
 F = Levels seen in this place.
 G = Mean time per level.
                   A        B        C        D        E       F      G
               +--------+--------+--------+--------+--------+-----+--------+
         Total |  26759 |  25338 |   1421 |   5668 |  14908 |  18 | 1486.6 |
       Dungeon |  12961 |  12070 |    891 |   1656 |   7871 |  10 | 1296.1 |
        Temple |    365 |    291 |     74 |      0 |    231 |   1 |  365.0 |
          Lair |  12666 |  12210 |    456 |   3680 |   6790 |   6 | 2111.0 |
        Bailey |    765 |    765 |      0 |    332 |     14 |   1 |  765.0 |
               +--------+--------+--------+--------+--------+-----+--------+

Top non-repeatable levels by time:
  Lair:5: 3775 daAuts
  Lair:1: 2333 daAuts
  Lair:2: 2010 daAuts
     D:8: 2010 daAuts
     D:6: 1861 daAuts
  Lair:4: 1747 daAuts
     D:9: 1668 daAuts
  Lair:3: 1629 daAuts
     D:4: 1419 daAuts
     D:7: 1374 daAuts
  Lair:6: 1170 daAuts
     D:3: 1071 daAuts
     D:2: 1058 daAuts
    D:10: 934 daAuts
     D:5: 896 daAuts
